Map: Verts pâturages

Players

zidar - Winner!

  • Race: Zerg Zerg
  • League: Silver
  • Spawn Location: 12:00

VOD

Have the link to the VOD?

Description

Time

  • Played on: April 26, 2016, 11:53 p.m.
  • Length: 7:24
Show
View Real Time Build Order
Export as new Build Order

zidar Zerg - Winner!

Build Orders: Pool First 

Get SALT Encoding   

  12  0:05  Drone  
  12  0:08  Drone  
  12  0:17  Overlord  
  12  0:23  Extractor  
  12  0:24  Drone  
  12  0:36  Drone  
  12  0:37  Drone  
  12  0:49  Drone  
  12  0:52  Extractor  
  12  0:55  Spawning Pool  
  12  0:59  Drone  
  12  1:08  Extractor  
  12  1:10  Drone  
  12  1:34  Drone  
  12  1:36  Hatchery  
  12  1:47  Roach Warren  
  12  1:49  Drone  
  12  1:51  Drone  
  12  2:07  Queen  
  12  2:12  Drone  
  12  2:21  Overlord  
  12  2:31  Spore Crawler  
  12  2:32  Drone  
  12  2:48  Drone x3  
  12  3:03  Drone x3  
  12  3:07  Queen  
  12  3:18  Drone x4  
  12  3:23  Drone x2  
  12  3:41  Overlord  
  12  3:42  Overlord  
  12  4:07  Drone  
  12  4:12  Drone x5  
  12  4:21  Extractor  
  12  4:24  Extractor  
  12  5:17  Overlord  
  12  5:18  Overlord x6  
  12  5:33  Drone  
  12  5:48  Roach x6  
  12  5:56  Hatchery  
  12  6:15  Drone  
  12  6:20  Roach x7  
  12  6:26  Ravager  
  12  6:27  Ravager x4  
  12  6:29  Ravager  
Tags
 
Add a new tag
Caveats
  • Supply blocks, unpowered buildings, or Contaminate may cause inaccurate times.
  • Supply counts are checked every 10 seconds.